Unix NetHack Version 5.0.0-0 post-release - last build May 10 2026 23:12:36 (d1fa5d53e341ca933230fdaa984d921c805b60aa,branch:main).

Game began 2026-05-12 16:58:59, ended 2026-05-12 17:28:04.

BaeHund, chaotic female human Rogue

                                                           ..|.
                                                          ..h..
                                                           .)@f
                                                          ...).
                                                            .--

BaeHund the Footpad     St:13 Dx:16 Co:13 In:12 Wi:10 Ch:10  Chaotic
Dlvl:4  $:44 HP:0(17) Pw:6(6) AC:7  Xp:2 T:744 

Latest messages:
 You swap places with your kitten.
 There is a branch staircase up to the Dungeons of Doom here.
 You see here 2 darts.
 You hit the gnome.
 You miss the gnome.
 The gnome hits!
 The kitten misses the gnome.
 You miss the gnome.
 The kitten bites the gnome.
 The gnome is killed!
 You see here 4 darts.
 There is a branch staircase up to the Dungeons of Doom here.
 You see here 2 darts.
 The kitten picks up a tin opener.
 The kitten misses it.
 The gnome picks up 4 darts.
 Are you waiting to get hit?  Use 'm' prefix to force a no-op (to rest).
 Are you waiting to get hit?  Use 'm' prefix to force a no-op (to rest).
 Are you waiting to get hit?  Use 'm' prefix to force a no-op (to rest).
 Are you waiting to get hit?  Use 'm' prefix to force a no-op (to rest).
 Are you waiting to get hit?  Use 'm' prefix to force a no-op (to rest).
 Are you waiting to get hit?  Use 'm' prefix to force a no-op (to rest).
 Are you waiting to get hit?  Use 'm' prefix to force a no-op (to rest).
 You hit the gnome.
 The kitten bites the gnome.
 The gnome is killed!
 You miss the gnome.
 You miss the gnome.
 The gnome hits!
 You hit the gnome.
 The gnome hits!
 You swap places with your kitten.
 You see here a bow.
 The kitten drops a tin opener.
 The kitten bites it.
 There is a branch staircase up to the Dungeons of Doom here.
 You see here 2 darts.
 You hear some noises.
 The kitten drops a tin opener.
 The kitten picks up an arrow.
 The dwarf picks up a dart.
 You hit the dwarf.
 The dwarf swings his pick-axe.
 The dwarf hits!
 You die...
 Do you want your possessions identified? [ynq] (y) y
 Do you want to see your attributes? [ynq] (y) y
 Do you want an account of creatures vanquished? [ynaq] (y) y
 Do you want to see your conduct and achievements? [ynq] (y) y
 Do you want to see the dungeon overview? [ynq] (y) y

Inventory:
 Coins    ('$')
  $ - 44 gold pieces
 Weapons  (')')
  b - 7 +0 daggers (wielded)
  a - a +0 short sword (alternate weapon; not wielded)
 Armor    ('[')
  c - an uncursed +1 leather armor (being worn)
 Comestibles  ('%')
  m - an uncursed food ration
 Scrolls  ('?')
  i - an uncursed scroll of amnesia
  l - a cursed scroll of enchant weapon
  k - a cursed scroll of fire
  g - an uncursed scroll of teleportation
 Spellbooks  ('+')
  j - an uncursed spellbook of detect monsters
  h - an uncursed spellbook of healing
 Potions  ('!')
  d - an uncursed potion of sickness
 Tools    ('(')
  f - an empty uncursed sack
  e - an uncursed lock pick

BaeHund the Rogue's attributes:

Background:
 You were a Footpad, a level 2 female human Rogue.
 You were chaotic, on a mission for Kos
 who was opposed by Issek (lawful) and Mog (neutral).
 You were right-handed.
 You were in the Gnomish Mines, on level 4.
 You entered the dungeon 744 turns ago.
 You had 32 experience points, 8 more were needed to attain level 3.

Basics:
 You had 0 out of 17 hit points.
 You had all 6 energy points (spell power).
 Your armor class was 7.
 Your wallet contained 44 zorkmids.
 Autopickup was off.

Final Characteristics:
 Your strength was 13 (limit:18/100).
 Your dexterity was 16 (limit:18).
 Your constitution was 13 (limit:18).
 Your intelligence was 12 (limit:18).
 Your wisdom was 10 (limit:18).
 Your charisma was 10 (limit:18).

Final Status:
 You weren't hungry.
 You were unencumbered.
 You were wielding daggers.
 You had basic skill with dagger.

Final Attributes:
 You were fervently aligned.
 You were stealthy.
 You were warded.
 You are dead.

Miscellaneous:
 You didn't encounter any bones levels.
 Total elapsed playing time was 28 minutes and 49 seconds.

Major events:
 Turn
    1: BaeHund the chaotic female human Rogue entered the dungeon
  705: entered the Gnomish Mines
  744: killed by a dwarf

You didn't know any spells.

Skills:
 Fighting Skills
   bare handed combat [Unskilled]
   two weapon combat  [Unskilled]
   riding             [Unskilled]
 Weapon Skills
   dagger             [Basic]
   knife              [Unskilled]
   short sword        [Basic]
   broadsword         [Unskilled]
   long sword         [Unskilled]
   two-handed sword   [Unskilled]
   saber              [Unskilled]
   club               [Unskilled]
   mace               [Unskilled]
   morning star       [Unskilled]
   flail              [Unskilled]
   hammer             [Unskilled]
   polearms           [Unskilled]
   spear              [Unskilled]
   crossbow           [Unskilled]
   dart               [Unskilled]
   shuriken           [Unskilled]
 Spellcasting Skills
   divination spells  [Unskilled]
   escape spells      [Unskilled]
   matter spells      [Unskilled]

Voluntary challenges:
 Character rerolling was not enabled.
 You were an atheist.
 You were illiterate.
 You never genocided any monsters.
 You never polymorphed an object.
 You never changed form.
 You used no wishes.
Achievement:
 You entered the Gnomish Mines.

 The Dungeons of Doom: levels 1 to 4
    Level 1:
       A sink, a grave.
    Level 2:
       A fountain.
    Level 3:
       Stairs down to The Gnomish Mines.
    Level 4:
 The Gnomish Mines:
    Level 4: <- You were here.
       Final resting place for
          you, killed by a dwarf.


Vanquished creatures:
  a coyote
  2 hobbits
  6 gnomes
  a jackal
  2 foxes
  3 lichens
  a kobold zombie
  3 newts
19 creatures vanquished.

No species were genocided or became extinct.

Game over:
                       ----------
                      /          \
                     /    REST    \
                    /      IN      \
                   /     PEACE      \
                  /                  \
                  |     BaeHund      |
                  |      44 Au       |
                  |   killed by a    |
                  |      dwarf       |
                  |                  |
                  |                  |
                  |       2026       |
                 *|     *  *  *      | *
        _________)/\\_//(\/(/\)/\//\/|_)_______

Goodbye BaeHund the Rogue...

You died in The Gnomish Mines on dungeon level 4 with 318 points,
and 44 pieces of gold, after 744 moves.
You were level 2 with a maximum of 17 hit points when you died.

